 Dungeon Crawl Stone Soup version 0.21.1-1-g345015fe64 (webtiles) character file.

71 Kohma the Ruffian (level 4, -1/44 HPs)
             Began as a Troll Fighter on June 22, 2018.
             Was an Initiate of Trog.
             Slain by Crazy Yiuf
             ... wielding a +2 quarterstaff of chaos
              (2 damage)
             ... on level 2 of the Dungeon.
             The game lasted 00:04:48 (1146 turns).

Kohma the Ruffian (Troll Fighter)                   Turns: 1146, Time: 00:04:49

Health: -1/44      AC:  5    Str: 24    XL:     4   Next: 5%
Magic:  3/3        EV:  8    Int:  4    God:    Trog [......]
Gold:   76         SH:  8    Dex: 10    Spells: 3/3 levels left

rFire    . . .     SeeInvis .     - Unarmed
rCold    . . .     Gourm    +   b - +0 shield
rNeg     . . .     Faith    .   a - +0 robe
rPois    .         Spirit   .   (helmet restricted)
rElec    .         Reflect  .   (no cloak)
rCorr    .         Harm     .   (gloves unavailable)
MR       .....                  (boots unavailable)
Stlth    +.........             (no amulet)
HPRegen  0.54/turn              (no ring)
MPRegen  0.08/turn              (no ring)

@: lethally poisoned (-1 -> -1), drained
A: large, unfitting armour, claws 3, fast metabolism 3, gourmand, regeneration
1, shaggy fur 1, tough skin 2
a: Burn Spellbooks, Renounce Religion


You were on level 2 of the Dungeon.
You worshipped Trog.
Trog was noncommittal.
You were completely stuffed.

You visited 1 branch of the dungeon, and saw 2 of its levels.

You collected 76 gold pieces.

Inventory:

Armour
 a - a +0 robe (worn)
 b - a +0 shield (worn)
Jewellery
 i - an uncursed ring of ice {unknown}
 j - a +3 ring of dexterity {unknown}
Scrolls
 e - 2 scrolls of remove curse {unknown}
 g - 2 scrolls of identify {unknown}
 h - a scroll of amnesia {unknown}
 k - a scroll of noise {unknown}
Potions
 c - a potion of might
Comestibles
 d - 4 rations


   Skills:
 + Level 2.9(2.6) Fighting
 - Level 2.4(2.1) Dodging
 + Level 2.9(2.6) Shields
 * Level 3.4(3.1) Unarmed Combat


You had 3 spell levels left.
You didn't know any spells.

Dungeon Overview and Level Annotations

Branches:
Dungeon (2/15)

Altars:
Elyvilon
Trog

Annotations:
D:2 Crazy Yiuf


Innate Abilities, Weirdness & Mutations

You are too large for most types of armour.
You have claws for hands.
Your metabolism is lightning-fast.
You like to eat raw meat.
Your natural rate of healing is unusually fast.
You are covered in fur. (AC +1)
You have very tough skin. (AC +2)


Message History

You scratch Crazy Yiuf but do no damage.
Crazy Yiuf is severely wounded.
You feel sick.
Crazy Yiuf hits you with a quarterstaff of chaos.
You are electrocuted!
You scratch Crazy Yiuf but do no damage.
Crazy Yiuf is severely wounded.
Crazy Yiuf hits you with a quarterstaff of chaos!
Crazy Yiuf burns you.
* * * LOW HITPOINT WARNING * * *
You scratch Crazy Yiuf.
Crazy Yiuf is severely wounded.
You block Crazy Yiuf's attack.
You scratch Crazy Yiuf.
Crazy Yiuf is almost dead.
You feel sick.
Crazy Yiuf hits you with a quarterstaff of chaos!
* * * LOW HITPOINT WARNING * * *
Crazy Yiuf burns you.
You die...

###.#####.......#
......#.(.......#
#...#...#.#######
###...(##.##
#..#.....# #####
######.....#
#)..#
.......#####
#...# ########
#.g.# # #@# #
#.## # ##.#
############ #.##
...........# ##.#
##########.#
##.## #.# ##...#
#.# #....# #.#
#....#


You could see Crazy Yiuf.

Vanquished Creatures
  2 adders (D:2)
  2 worms (D:2)
  A dart slug (D:2)
  2 leopard geckos (D:1)
  9 bats
  2 giant cockroaches (D:2)
  8 hobgoblins (D:1)
  6 kobolds
  A ball python (D:1)
  4 goblins
  2 rats
39 creatures vanquished.

Notes
Turn   | Place    | Note
-------+----------+-------------------------------------------
     0 | D:1      | Kohma the Troll Fighter began the quest for the Orb.
     0 | D:1      | Reached XP level 1. HP: 22/22 MP: 0/0
    74 | D:1      | Reached XP level 2. HP: 22/29 MP: 1/1
   441 | D:1      | Reached XP level 3. HP: 32/36 MP: 2/2
   591 | D:2      | Reached skill level 3 in Unarmed Combat
   660 | D:2      | Found a bloodstained altar of Trog.
   668 | D:2      | Became a worshipper of Trog the Wrathful
   869 | D:2      | Reached XP level 4. HP: 44/44 MP: 3/3
   985 | D:2      | Found a white marble altar of Elyvilon.
  1131 | D:2      | Found a runed door.
  1135 | D:2      | Noticed Crazy Yiuf
  1146 | D:2      | HP: 1/44 [Crazy Yiuf/quarterstaff of chaos (8)]
  1146 | D:2      | Slain by Crazy Yiuf

Skill      XL: |  1  2  3 |
---------------+----------+-----
Unarmed Combat | 3 |  3.4
Fighting       | |  2.9
Dodging        | |  2.4
Shields        | |  2.9

Action                   |  1- 3 |  4- 6 || total
-------------------------+-------+-------++-------
Melee: Unarmed           |    99 |    17 ||   116
 Stab: Sleeping          |     1 |       ||     1
  Eat: Chunk             |    13 |     3 ||    16
Armor: Robe              |    35 |     8 ||    43
Dodge: Dodged            |    39 |     8 ||    47
Block: Shield            |    52 |    14 ||    66
